 Dungeon Crawl Stone Soup version 0.27-a0-148-g9515ab555c (webtiles) character file.

Game seed: 14676906322328222589

9 knot the Chopper (level 2, 33/36 HPs)
             Began as a Demonspawn Berserker on Jan 27, 2021.
             Was a Follower of Trog.
             Quit the game on level 1 of the Dungeon.
             The game lasted 00:00:26 (314 turns).

knot the Chopper (Demonspawn Berserker)              Turns: 314, Time: 00:00:26

Health: 33/36      AC:  2    Str: 17    XL:     2   Next: 6%
Magic:  2/2        EV: 12    Int:  8    God:    Trog [*.....]
Gold:   0          SH:  0    Dex: 12    Spells: 1/1 levels left

rFire    . . .     SeeInvis .   a - +0 hand axe
rCold    . . .     Faith    .   (no shield)
rNeg     . . .     Spirit   .   b - +0 animal skin
rPois    .         Reflect  .   (no helmet)
rElec    .         Harm     .   (no cloak)
rCorr    .         Rampage  .   (no gloves)
Will     .....                  (no boots)
Stlth    ..........             (no amulet)
HPRegen  0.12/turn              (no ring)
MPRegen  0.08/turn              (no ring)

@: berserking, very quick
A: spiny 1
a: Renounce Religion, Berserk


You were on level 1 of the Dungeon.
You worshipped Trog.
Trog was aware of your devotion.
You visited 1 branch of the dungeon, and saw 1 of its levels.

Inventory:

Hand Weapons
 a - a +0 hand axe (weapon)
Missiles
 c - 24 stones
Armour
 b - a +0 animal skin (worn)
Scrolls
 d - a scroll of fog {unknown}
 e - a scroll of remove curse {unknown}


   Skills:
 - Level 3.0 Fighting
 + Level 3.3 Axes
 - Level 1.7 Armour
 - Level 1.7 Dodging


You had one spell level left.
You didn't know any spells.
Your spell library was empty.

Dungeon Overview and Level Annotations

Branches:
Dungeon (1/15)

Altars:


Innate Abilities, Weirdness & Mutations

You are partially covered in sharp spines.


Message History

The leopard gecko closely misses you. The rat misses you.
The leopard gecko closely misses you.
A red film seems to cover your vision as you go berserk!
You feel yourself moving faster!
You feel mighty! The leopard gecko bites you. The rat bites you.
You slash the rat!
You kill the rat!
Trog accepts your kill.
You hit the plant. You hit the leopard gecko. The leopard gecko misses you.
You closely miss the leopard gecko.
The leopard gecko is almost dead.
You slash the plant!
A nearby plant withers and dies.
The leopard gecko barely misses you.
You slash the leopard gecko!
You kill the leopard gecko!
Trog accepts your kill.
You have reached level 2!
Your demonic ancestry asserts itself...
Sharp spines emerge from parts of your body.
Are you sure you want to abandon this character and quit the game? (Confirm with "yes".)

#........
.......
##.....##
#.......#
#.......#
#.......#
#..l†.♣ #
#.@≈P♣##
#.#####.♣≈≈.#
#....#..≈PP.###
##...#♣P.....
###.....#...#♣P
..
#..........#.#
...
#.##.....###.♣
#.####.####....#
♣
..............♣


You could see a frilled lizard.

Vanquished Creatures
  A leopard gecko (D:1)
  A hobgoblin (D:1)
  3 jackals (D:1)
  A kobold (D:1)
  2 rats (D:1)
8 creatures vanquished.

Vanquished Creatures (others)
  A plant (D:1)
1 creature vanquished.

Grand Total: 9 creatures vanquished

Notes
Turn   | Place    | Note
-------+----------+-------------------------------------------
     0 | D:1      | knot the Demonspawn Berserker began the quest for the Orb.
     0 | D:1      | Reached XP level 1. HP: 18/18 MP: 1/1
     2 | D:1      | Noticed a gargoyle
     4 | D:1      | Noticed an ogre
     4 | D:1      | Noticed a human
     6 | D:1      | Noticed a halfling
     6 | D:1      | Noticed a vampire
     9 | D:1      | Noticed a spriggan
     9 | D:1      | Noticed a ghoul
    11 | D:1      | Noticed a merfolk
    11 | D:1      | Noticed a demigod
    13 | D:1      | Noticed a draconian
    13 | D:1      | Noticed a naga
    15 | D:1      | Noticed a minotaur
    17 | D:1      | Noticed a dwarf
    17 | D:1      | Noticed a vine stalker
    19 | D:1      | Noticed an octopode
    19 | D:1      | Noticed a centaur
    21 | D:1      | Noticed a demonspawn
    21 | D:1      | Noticed an elf
    23 | D:1      | Noticed a formicid
    23 | D:1      | Noticed a felid
    27 | D:1      | Noticed a tengu
    27 | D:1      | Noticed a troll
   314 | D:1      | Gained mutation: You are partially covered in sharp spines.
                  | [demonic ancestry]
   314 | D:1      | Reached XP level 2. HP: 24/24 MP: 2/2
   314 | D:1      | Quit the game

Illustrated notes

Levels and vault maps discovered:
D:1:      kb_arrival_jail, layout_rooms, serial_bayou, serial_bayou_shore_a,
          serial_bayou_crossing, serial_bayou_pond_e, serial_bayou_pond_c,
          hex_intersection, minmay_heptomino_w4

Skill      XL: |  1 |
---------------+----+-----
Axes           | 3 |  3.3
Fighting       | |  3.0
Armour         | |  1.7
Dodging        | |  1.7

Action                   || total
-------------------------++-------
Melee: Hand axe          ||    17
Invok: Berserk           ||     2
Armor: Animal skin       ||     3
Dodge: Dodged            ||    12

Table legend: (Time is in decaauts)
 A = Elapsed time spent in this place.
 B = Non-inter-level travel time spent in this place.
 C = Inter-level travel time spent in this place.
 D = Time resting spent in this place.
 E = Time spent auto-exploring this place.
 F = Levels seen in this place.
 G = Mean time per level.
                   A        B        C        D        E       F      G
               +--------+--------+--------+--------+--------+-----+--------+
         Total |    321 |    321 |      0 |    186 |     66 |   1 |  321.0 |
       Dungeon |    321 |    321 |      0 |    186 |     66 |   1 |  321.0 |
               +--------+--------+--------+--------+--------+-----+--------+

Top non-repeatable levels by time:
     D:1: 321 daAuts
